Map: Nightscape LE

Players

MrTimos

  • Race: Protoss Protoss
  • Spawn Location: 1:00

JOzz

  • Race: Protoss Protoss
  • Spawn Location: 1:00

PiPuxD - Winner!

  • Race: Zerg Zerg
  • League: Gold
  • Spawn Location: 7:00

MattBarry - Winner!

  • Race: Zerg Zerg
  • League: Gold
  • Spawn Location: 7:00

VOD

Have the link to the VOD?

Description

Time

  • Played on: Jan. 27, 2023, 4:25 p.m.
  • Length: 14:38
Show
View Real Time Build Order
Export as new Build Order

MrTimos Protoss 

Build Orders:  

Get SALT Encoding   

  12  0:03  Probe (Chrono Boost)  
  14  0:15  Probe (Chrono Boost)  
  14  0:18  Assimilator  
  14  0:32  Pylon  
  14  0:40  Probe  
  15  0:50  Forge  
  15  0:52  Probe  
  16  1:04  Gateway  
  16  1:08  Probe (Chrono Boost)  
  17  1:18  Probe (Chrono Boost)  
  18  1:20  Assimilator  
  18  1:32  Pylon  
  18  1:38  Probe  
  19  1:55  Cybernetics Core  
  19  1:56  Probe  
  20  2:17  Photon Cannon  
  20  2:33  Pylon  
  20  2:45  Shield Battery  
  20  2:51  Probe  
  21  2:59  Stargate  
  21  3:00  Protoss Air Weapons Level 1 (Chrono Boost)  
  21  3:03  Stargate  
  21  3:04  Probe (Chrono Boost)  
  22  3:14  Probe (Chrono Boost)  
  23  3:30  Photon Cannon  
  27  3:54  Void Ray  
  27  3:55  Void Ray  
  31  4:16  Shield Battery  
  31  4:21  Pylon  
  31  4:40  Fleet Beacon  
  31  4:43  Pylon  
  31  4:58  Phoenix x2  
  35  5:35  Anion Pulse-Crystals (Chrono Boost)  
  35  5:53  Photon Cannon x2  
  35  5:56  Shield Battery  
  35  5:57  Shield Battery  
  35  6:04  Protoss Shields Level 1  
  35  6:08  Phoenix  
  37  6:56  Nexus  
  37  6:58  Pylon  
  37  7:26  Phoenix  
  43  7:34  Void Ray  
  47  7:57  Void Ray (Chrono Boost)  
  47  8:18  Tempest (Chrono Boost)  
  52  8:38  Protoss Air Weapons Level 2  
  52  8:40  Pylon  
  52  8:42  Pylon  
  52  8:45  Assimilator  
  52  8:50  Assimilator  
  56  9:05  Void Ray (Chrono Boost)  
  56  10:03  Photon Cannon  
  56  10:05  Photon Cannon  
  55  10:31  Tempest  
  60  10:51  Nexus  
  60  10:55  Photon Cannon  
  60  10:56  Photon Cannon  
  60  10:57  Photon Cannon  
  60  10:59  Shield Battery  
  60  11:09  Probe  
  61  11:22  Pylon  
  61  11:24  Pylon  
  61  11:40  Tempest x2  
  71  11:47  Robotics Facility  
  71  12:28  Probe  
  72  12:40  Mothership, Probe  
  75  12:52  Probe  
  43  13:04  Probe  
Show
View Real Time Build Order
Export as new Build Order

JOzz Protoss 

Build Orders:  

Get SALT Encoding   

  12  0:02  Probe (Chrono Boost)  
  13  0:12  Probe (Chrono Boost)  
  14  0:17  Probe (Chrono Boost)  
  15  0:25  Pylon  
  15  0:43  Probe  
  15  0:47  Gateway  
  16  0:50  Forge  
  16  0:55  Probe  
  17  1:07  Probe (Chrono Boost)  
  17  1:11  Assimilator  
  18  1:16  Assimilator, Probe (Chrono Boost)  
  19  1:21  Probe (Chrono Boost)  
  20  1:33  Probe  
  20  1:35  Pylon  
  21  1:43  Pylon  
  21  1:55  Photon Cannon x2  
  21  2:06  Photon Cannon  
  21  2:08  Photon Cannon  
  21  2:26  Cybernetics Core  
  21  2:43  Pylon  
  21  3:03  Warp Gate  
  21  3:06  Photon Cannon  
  21  3:08  Gateway  
  21  3:09  Gateway  
  21  3:14  Pylon  
  21  3:19  Protoss Ground Weapons Level 1 (Chrono Boost)  
  20  3:33  Pylon  
  20  3:34  Pylon  
  20  3:37  Gateway  
  20  3:38  Gateway  
  20  3:40  Probe  
  21  4:12  Robotics Facility  
  21  4:18  Probe  
  22  4:30  Probe  
  23  4:52  Stalker  
  23  4:53  Stalker x2  
  23  4:59  Warp Prism (Chrono Boost)  
  31  5:45  Protoss Ground Armor Level 1  
  31  5:50  Robotics Bay  
  31  5:54  Pylon  
  31  5:58  Twilight Council  
  31  6:03  Nexus  
  31  6:31  Zealot x5  
  41  6:42  Extended Thermal Lance  
  41  6:46  Charge (Chrono Boost)  
  41  6:52  Zealot  
  41  6:53  Zealot x2  
  46  7:40  Probe  
  46  7:42  Probe  
  48  7:51  Zealot x5  
  50  7:52  Probe  
  50  7:54  Probe  
  60  8:04  Probe  
  55  8:07  Probe  
  42  8:29  Probe x2  
  42  8:32  Colossus (Chrono Boost)  
  50  8:41  Probe x2  
  50  8:43  Protoss Ground Weapons Level 2  
  52  8:53  Probe  
  53  9:09  Dark Shrine  
  53  9:13  Warp Prism (Chrono Boost)  
  54  9:43  Assimilator  
  54  9:46  Assimilator  
  54  9:55  Zealot  
  54  9:56  Zealot x4  
  64  10:11  Nexus  
  64  10:13  Pylon  
  64  10:15  Pylon  
  54  10:27  Colossus (Chrono Boost)  
  58  10:43  Probe x2  
  60  10:55  Pylon x2, Probe x2  
  62  10:58  Gravitic Drive (Chrono Boost)  
  62  11:09  Warp Prism (Chrono Boost)  
  64  11:12  Gateway  
  64  11:13  Gateway  
  64  11:29  Pylon  
  64  11:30  Pylon  
  64  11:34  Probe x2  
  64  11:35  Probe  
  64  11:39  Colossus  
  67  11:46  Probe  
  67  11:47  Probe x2  
  76  11:54  Gateway  
  76  11:58  Probe  
  76  11:59  Probe x2  
  79  12:05  Dark Templar x4  
  79  12:06  Dark Templar  
  89  12:11  Probe x2  
  91  12:34  Observer  
  73  12:51  Dark Templar x2  
  73  12:52  Dark Templar x2  
  81  13:04  Dark Templar  
  64  13:26  Zealot x5  
  49  14:06  Assimilator  
  49  14:09  Assimilator  
  49  14:14  Probe  
  50  14:29  Zealot x2  
  54  14:35  Pylon x2  
Show
View Real Time Build Order
Export as new Build Order

PiPuxD Zerg - Winner!

Build Orders: Hatch First 

Get SALT Encoding   

  12  0:00  Drone  
  13  0:12  Overlord  
  13  0:19  Drone  
  14  0:31  Drone x2  
  16  0:38  Drone  
  17  0:52  Hatchery  
  17  0:56  Drone  
  17  1:09  Spawning Pool  
  16  1:14  Drone  
  16  1:15  Extractor  
  16  1:18  Drone  
  17  1:25  Drone  
  17  1:32  Drone  
  20  1:40  Drone  
  20  1:49  Overlord  
  20  1:56  Queen  
  22  2:04  Zergling x2  
  22  2:05  Queen  
  22  2:07  Drone  
  26  2:11  Zergling x2  
  27  2:16  Zergling x2  
  28  2:28  Zergling x2  
  28  2:29  Zergling x2  
  29  2:40  Zergling x4  
  29  2:51  Zergling x4  
  29  2:53  Queen  
  30  3:03  Metabolic Boost  
  26  3:28  Drone x9  
  26  3:29  Overlord  
  35  3:41  Overlord  
  35  3:47  Extractor  
  34  3:48  Roach Warren  
  34  3:49  Queen  
  34  3:50  Queen  
  34  3:52  Overlord  
  37  4:12  Drone x3  
  37  4:13  Drone x6  
  46  4:17  Extractor  
  45  4:28  Evolution Chamber  
  45  4:29  Evolution Chamber  
  43  4:46  Lair  
  43  4:52  Spore Crawler  
  43  4:54  Spore Crawler  
  43  4:59  Drone x9  
  50  5:10  Queen  
  52  5:19  Zerg Ground Armor Level 1, Zerg Missile Weapons Level 1  
  52  5:26  Drone x5  
  57  5:29  Extractor  
  56  5:50  Spire  
  56  5:53  Hydralisk Den  
  56  5:54  Hatchery  
  56  5:56  Queen  
  55  6:14  Overlord x2  
  55  6:17  Glial Reconstitution  
  55  6:28  Drone  
  55  6:29  Drone x3  
  59  6:34  Grooved Spines  
  59  6:49  Drone x4  
  59  6:50  Drone  
  64  7:06  Hydralisk  
  64  7:07  Hydralisk x7  
  80  7:09  Overlord x2  
  80  7:33  Hydralisk x2  
  80  7:34  Hydralisk x2  
  80  7:36  Overlord x3  
  88  7:40  Zerg Missile Weapons Level 2  
  88  7:41  Zerg Ground Armor Level 2  
  88  7:45  Muscular Augments  
  84  8:14  Hydralisk x2  
  84  8:15  Hydralisk x4  
  96  8:35  Hydralisk x3  
  96  8:37  Overlord x3  
  102  8:57  Hatchery  
  101  9:17  Hydralisk  
  101  9:18  Hydralisk x5, Hatchery  
  112  9:51  Drone  
  112  9:52  Drone x4  
  117  10:01  Overlord x3  
  107  10:32  Corruptor x4  
  107  10:33  Corruptor  
  117  10:37  Drone  
  117  10:38  Drone x9  
  117  10:41  Extractor  
  126  10:54  Queen  
  128  10:59  Spore Crawler  
  128  11:00  Overlord x3  
  127  11:06  Infestation Pit  
  126  11:12  Extractor  
  125  11:43  Hydralisk  
  125  11:44  Hydralisk x20  
  125  11:45  Hydralisk  
  169  11:54  Lurker Den  
  168  12:02  Extractor  
  167  12:10  Drone x6  
  167  12:11  Drone x5  
  167  12:14  Extractor  
  177  12:17  Hydralisk x6  
  189  12:36  Hydralisk x2  
  163  13:21  Hydralisk x8  
  163  13:22  Hydralisk x4  
  139  14:15  Hatchery  
  122  14:21  Spawning Pool  
Show
View Real Time Build Order
Export as new Build Order

MattBarry Zerg - Winner!

Build Orders: Hatch First 

Get SALT Encoding   

  12  0:07  Drone  
  12  0:13  Overlord  
  13  0:19  Drone  
  14  0:31  Drone  
  14  0:32  Drone  
  16  0:58  Hatchery, Drone x2  
  16  1:03  Drone  
  18  1:07  Extractor  
  17  1:19  Spawning Pool  
  17  1:21  Drone  
  17  1:33  Drone  
  17  1:35  Drone  
  19  1:44  Overlord  
  19  2:05  Queen  
  19  2:07  Zergling x4  
  23  2:15  Zergling x2  
  24  2:19  Zergling x2  
  24  2:21  Queen  
  27  2:32  Zergling x4  
  28  2:40  Zergling x4  
  29  2:49  Zergling x4  
  29  2:50  Queen  
  33  3:00  Metabolic Boost  
  32  3:13  Drone x4  
  33  3:26  Drone x2  
  35  3:27  Overlord x2  
  35  3:40  Evolution Chamber  
  34  3:42  Roach Warren  
  34  3:43  Drone x2  
  34  3:45  Extractor  
  34  3:48  Drone x2  
  36  3:51  Drone  
  37  3:57  Queen  
  36  4:31  Drone x7  
  39  4:32  Drone x4  
  46  4:42  Overlord  
  46  4:48  Lair  
  46  4:51  Spore Crawler  
  45  4:53  Spore Crawler  
  44  5:00  Spore Crawler  
  44  5:06  Drone  
  44  5:07  Overlord x2  
  44  5:19  Spore Crawler  
  43  5:22  Spore Crawler  
  42  5:29  Spore Crawler  
  42  5:35  Drone x3  
  43  5:36  Drone x2  
  46  5:45  Zergling x4  
  48  5:54  Hydralisk Den  
  47  6:01  Spire  
  46  6:05  Evolution Chamber  
  46  6:06  Zerg Missile Weapons Level 1  
  46  6:09  Roach x3  
  51  6:12  Zergling x4  
  53  6:24  Overlord  
  53  6:26  Hatchery, Pneumatized Carapace  
  53  6:30  Extractor  
  53  6:32  Extractor  
  50  6:34  Drone x5  
  50  6:35  Drone  
  50  6:38  Overlord  
  56  6:46  Zerg Ground Armor Level 1  
  56  6:48  Hydralisk, Grooved Spines  
  57  7:16  Hydralisk x4  
  57  7:20  Overlord  
  64  7:29  Hydralisk  
  61  7:32  Zergling x10  
  61  7:33  Zergling x2  
  69  7:59  Muscular Augments  
  69  8:03  Hydralisk x4  
  76  8:09  Zerg Missile Weapons Level 2  
  62  8:29  Zergling x4  
  62  8:30  Zergling x18  
  62  8:31  Zergling x4  
  73  8:44  Hatchery  
  72  8:50  Zergling x2  
  72  8:51  Hydralisk  
  72  8:52  Hydralisk x2  
  66  9:35  Hydralisk  
  66  9:36  Hydralisk x10  
  82  10:04  Infestation Pit  
  81  10:09  Nydus Network  
  81  10:13  Drone x6  
  81  10:14  Drone x4, Overlord  
  90  10:22  Zerg Ground Armor Level 2  
  90  10:37  Drone x3  
  93  10:43  Pathogen Glands  
  93  10:45  Glial Reconstitution  
  93  10:56  Zergling x2  
  93  10:57  Zergling x6  
  95  10:58  Overlord x3  
  97  11:15  Queen  
  99  11:22  Hatchery  
  99  11:40  Drone x7  
  99  11:41  Drone x3  
  99  11:43  Hydralisk x4, Extractor  
  99  11:44  Extractor, Overlord  
  99  11:46  Corruptor  
  116  11:51  Queen  
  119  12:08  Drone x3  
  119  12:09  Drone x3  
  119  12:11  Hydralisk, Drone x3  
  119  12:13  Overlord x2  
  129  12:36  Corruptor  
  129  12:37  Hydralisk x3, Corruptor x2  
  129  12:38  Hydralisk  
  114  13:05  Overseer  
  108  13:10  Hydralisk  
  108  13:11  Hydralisk x10  
  124  13:22  Hydralisk x4  
  123  13:52  Hydralisk  
  123  13:53  Hydralisk x10  
Tags
 
Add a new tag
Caveats
  • Supply blocks, unpowered buildings, or Contaminate may cause inaccurate times.
  • Supply counts are checked every 10 seconds.